 Dungeon Crawl Stone Soup version 0.25-a0-713-g4845790874 (webtiles) character file.

Game seed: 2018131241241034837, levelgen mode: deterministic

149460 Maedhros the Octopoid Cataclysm (level 17, -1/109 HPs)
             Began as an Octopode Artificer on Apr 5, 2020.
             Was a High Priest of Qazlal.
             Slain by a spark wasp (28 damage)
             ... on level 2 of the Spider Nest.
             The game lasted 01:49:48 (36547 turns).

Maedhros the Octopoid Cataclysm (OpAr)             Turns: 36547, Time: 01:49:49

Health: -1/109     AC:  4    Str: 11    XL:     17   Next: 51%
Magic:  36/36      EV: 21    Int: 22    God:    Qazlal [*****.]
Gold:   1887       SH: 27    Dex: 18    Spells: 4/18 levels left

rFire    + . .     SeeInvis .   W - +6 trident of Maedhros's Anguish {vorpal, MR+}
rCold    . . .     Gourm    .   O - +2 tower shield
rNeg     . . .     Faith    .   (helmet restricted)
rPois    +         Spirit   .   Q - amulet of rage
rElec    +         Reflect  .   x - ring of wizardry
rCorr    .         Harm     .   u - +3 ring of evasion
MR       ++++.     Clarity  +   K - +5 ring of slaying
Stlth    ++........             c - +3 ring of protection
HPRegen  0.28/turn              h - ring of Stoicism {Wiz MR++}
MPRegen  0.25/turn              q - ring of magical power
                                y - ring "Unosmiu" {Fire *Slow +Blink Int+7}
                                n - ring "Jiatisow" {rPois rC+}

@: protected from electricity, repel missiles
A: almost no armour, stealthy swim, amphibious, 8 rings, constrict 8, camouflage
1, clarity, poison resistance, screaming 1, wild magic 1, gelatinous body 1
a: Upheaval, Elemental Force, Disaster Area, Renounce Religion, Evoke Blink,
Evoke Berserk Rage


You were on level 2 of the Spider Nest.
You worshipped Qazlal.
Qazlal was extremely pleased with you.
You were not hungry.

You visited 5 branches of the dungeon, and saw 27 of its levels.
You also visited: Bailey and Ice Cave.

You collected 2568 gold pieces.
You spent 681 gold pieces at shops.

Inventory:

Hand Weapons
 b - a +2 antimagic demon trident
 F - a +3 short sword
 I - a +0 short sword of protection
 L - a +0 hunting sling
 W - the +6 trident of Maedhros's Anguish (weapon) {vorpal, MR+}
   (You found it on level 1 of the Spider Nest)

   It inflicts extra damage upon your enemies.
   It affects your resistance to hostile enchantments.
Missiles
 J - 85 boomerangs
 M - 609 stones (quivered)
 N - 242 sling bullets
Armour
 O - a +2 tower shield (worn)
 U - a +0 kite shield
 V - a +1 buckler of fire resistance
Jewellery
 c - a +3 ring of protection (on tentacle)
 h - the ring of Stoicism (on tentacle) {Wiz MR++}
   (You bought it in a shop on level 2 of the Orcish Mines)

   [ring of wizardry]

   It improves your spell success rate.
   It affects your resistance to hostile enchantments.
 m - an uncursed amulet of guardian spirit
 n - the ring "Jiatisow" (on tentacle) {rPois rC+}
   (You took it off a wight on level 12 of the Dungeon)

   [ring of poison resistance]

   It protects you from cold.
   It protects you from poison.
 q - a ring of magical power (on tentacle)
 u - a +3 ring of evasion (right tentacle)
 x - a ring of wizardry (left tentacle)
 y - the ring "Unosmiu" (on tentacle) {Fire *Slow +Blink Int+7}
   (You acquired it on level 3 of the Lair of Beasts)

   [ring of fire]

   It enhances your fire magic.
   It affects your intelligence (+7).
   It protects you from fire.
   It makes you vulnerable to cold.
   It lets you blink.
   It may slow you when you take damage.
 K - a +5 ring of slaying (on tentacle)
 Q - an amulet of rage (around mantle)
Wands
 a - a wand of digging (5)
 d - a wand of random effects (19)
 w - a wand of polymorph (19)
Scrolls
 g - 7 scrolls of fog
 i - 3 scrolls of teleportation
 l - 6 scrolls of immolation
 p - 6 scrolls of identify
 z - 5 scrolls of amnesia
 B - 5 scrolls of fear
 D - 3 scrolls of remove curse
 P - 4 scrolls of enchant weapon
 S - a scroll of blinking
Potions
 e - a potion of berserk rage
 j - 7 potions of might
 k - a potion of ambrosia
 o - 2 potions of degeneration {unknown}
 r - 3 potions of mutation
 s - 3 potions of brilliance
 t - 2 potions of cancellation
 v - 2 potions of lignification
 A - 6 potions of stabbing
 C - 4 potions of curing
 E - 5 potions of magic
 H - a potion of haste
Miscellaneous
 G - a lightning rod (inert)
Comestibles
 f - 35 rations


   Skills:
 - Level 8.0 Fighting
 - Level 1.0 Short Blades
 * Level 7.7 Polearms
 - Level 12.0 Slings
 - Level 9.0 Dodging
 - Level 12.4 Stealth
 + Level 14.0 Shields
 + Level 1.4 Spellcasting
 - Level 4.6 Conjurations
 + Level 7.5 Summonings
 - Level 5.5 Translocations
 - Level 4.5 Air Magic
 - Level 5.6 Poison Magic
 + Level 14.1 Invocations
 - Level 8.3 Evocations


You had 4 spell levels left.
You knew the following spells:

 Your Spells              Type           Power        Failure   Level  Hunger
a - Mephitic Cloud        Conj/Pois/Air  ####....     9%          3    ###....
b - Summon Forest         Summ/Tloc      #####.....   32%         5    ######.
c - Shadow Creatures      Summ           N/A          71%         6    #######

Your spell library contained the following spells:

 Spells                   Type           Power        Failure   Level  Hunger
 Call Imp                 Summ           #####...     1%          2    ###....
 Magic Dart               Conj           ####         3%          1    #......
 Blink                    Tloc           N/A          3%          2    ###....
 Recall                   Summ/Tloc      N/A          4%          3    ###....
 Animate Skeleton         Necr           N/A          21%         1    #......
 Pain                     Necr           #...         21%         1    #......
 Conjure Flame            Conj/Fire      ###.....     22%         3    ###....
 Slow                     Hex            #.......     28%         2    ###....
 Vampiric Draining        Necr           #.........   45%         3    ###....
 Animate Dead             Necr           N/A          83%         4    #####..
 Cause Fear               Hex            #.........   83%         4    #####..
 Ice Form                 Ice/Tmut       #.......     83%         4    #####..
 Aura of Abjuration       Summ           #####.....   24%         5    ######.
 Summon Demon             Summ           #####.....   24%         5    ######.
 Summon Mana Viper        Hex/Summ       ###.....     67%         5    ######.
 Silence                  Hex/Air        ###.......   85%         5    ######.
 Agony                    Necr           #.......     98%         5    ######.
 Metabolic Englaciation   Hex/Ice        #.........   98%         5    ######.
 Yara's Violent Unravell  Hex/Tmut       #.........   98%         5    ######.
 Freezing Cloud           Conj/Ice/Air   ###.......   99%         6    #######
 Death Channel            Necr           #.........   100%        6    #######
 Deflect Missiles         Chrm/Air       ###.......   100%        6    #######
 Ozocubu's Refrigeration  Ice            #.........   100%        6    #######
 Simulacrum               Ice/Necr       #.........   100%        6    #######
 Discord                  Hex            #.........   100%        8    #######


Dungeon Overview and Level Annotations

Branches:
Dungeon (15/15)            Temple (0/1) D:7            Lair (6/6) D:11
 Shoals (1/4) Lair:4       Spider (3/4) Lair:3        Slime (0/5) Lair:5
    Orc (2/2) D:9             Elf (0/3) Orc:2        Vaults (0/5) D:14
 Depths (0/5) D:15         Bailey (visited)           IceCv (visited)

Altars:
Ashenzari
Elyvilon
Fedhas
Gozag
Makhleb
Okawaru
Qazlal
Ru
Sif Muna
Trog
Uskayaw
Vehumet
Wu Jian
Yredelemnul
The Shining One
Beogh
Jiyva

Shops:
Orc:2 (=[(

Annotations:
D:11 exclusion: 2 electric eels
Lair:4 3 runed translucent doors, Napalmbreeze's ghost, journeyman DsBe
Shoals:1 exclusion: oklob plant


Innate Abilities, Weirdness & Mutations

You cannot wear most types of armour.
You are very stealthy in the water. (Stealth+)
You are amphibious.
You can wear up to eight rings at the same time.
You can use your tentacles to constrict eight enemies at once.
Your skin changes colour to match your surroundings (Stealth+).
Your rubbery body absorbs attacks. (AC +1, EV +1)
You possess an exceptional clarity of mind.
Your system is resistant to poisons. (rPois)
You occasionally shout uncontrollably at your foes.
Your spells are a little harder to cast, but a little more powerful.


Message History

The spark wasp is heavily wounded.
You constrict the spark wasp, but do no damage.
You constrict the tarantella. The spark wasp misses you.
You block the tarantella's attack. The spark wasp stings you!!
* * * LOW HITPOINT WARNING * * *
The spark wasp shocks you!
You feel protected from electricity.
* * * LOW HITPOINT WARNING * * *
You block the tarantella's attack.
Unknown command.
You feel better.
You constrict the spark wasp. You constrict the tarantella.
You kill the tarantella!
Qazlal accepts your kill. You block the spark wasp's attack.
You feel better.
You constrict the spark wasp.
The spark wasp completely misses you. x2
You barely miss the spark wasp. Your squeeze misses the spark wasp.
The spark wasp is heavily wounded.
You constrict the spark wasp. The spark wasp stings you!!
You die...

.................^...#..##.......
..#..^#......#....#..##.......#..
#.8.#.#).....#....#...#.....#....
.)#.#.###...^#..#^#####...#...###
#...#.......##..####.##...#...#..
.......###.###....#...#.....^....
............##....#.....##.#.....
###...###"...##†...........#.#...
###...........#○@○#..............
.......###...##y.☼##...###.....#.
#...#<......###○.○°#........#....
#.#)#.###.....#........#.........
#.#.#.#[.....>#...##.###...#.....
..#...#......##...#........^..#.#
...†........#####............#^..
................#...........^....
######......##.....#..###...##...


You could see a spark wasp.

Vanquished Creatures
  Frances (Spider:2)
  Kirke (D:15)
  2 emperor scorpions (Spider:2)
  Aizul (Spider:1)
  Louise (Spider:1)
  An entropy weaver (Spider:2)
  Azrael (Spider:1)
  An ettin (D:14)
  2 fire dragons (Lair:6)
  6 hydras
  A catoblepas (Lair:4)
  2 centaur warriors
  A death knight (D:14)
  11 two-headed ogres
  A tengu warrior (D:14)
  3 ogre magi
  6 orc high priests (Orc:2)
  The ghost of Anaz the Gusty, a novice DgAE (D:8)
  A deep elf knight (D:12)
  A deep troll (D:14)
  An unseen horror (D:10)
  2 lindwurms (Lair:6)
  A swamp dragon (Lair:6)
  4 deep elf archers
  2 harpies (Shoals:1)
  2 wolf spider zombies
  19 wolf spiders
  A necromancer (IceCv)
  10 orb spiders
  3 orc knights (Orc:2)
  19 deep elf magi
  8 ugly things
  4 orc sorcerers (Orc:2)
  2 manticores
  5 cyclopes
  3 moths of wrath
  7 centaur zombies
  A merfolk siren (Lair:4)
  Psyche (D:10)
  4 centaur skeletons
  Maurice (D:8)
  A black mamba (Lair:6)
  18 elephants
  4 ice statues (IceCv)
  6 spiny frogs
  3 gargoyles (D:12)
  6 torpor snails
  4 rime drakes
  An efreet (D:14)
  7 komodo dragons
  12 yaktaurs (D:15)
  A freezing wraith (D:14)
  9 demonic crawlers
  A tengu conjurer (D:15)
  8 ice devils (IceCv)
  15 trolls
  3 tyrant leeches (Lair:6)
  15 jumping spiders
  A queen bee (D:9)
  A wind drake (Lair:4)
  4 polar bears
  8 blink frogs
  5 hippogriffs
  A harpy skeleton (D:15)
  9 hornets
  3 slime creatures (D:12)
  48 redbacks
  A shadow (D:12)
  7 wyverns
  19 tarantellas
  4 hogs (D:15)
  50 yaks
  5 fire elementals (Spider:1)
  4 steam dragons
  A vampire (D:15)
  A basilisk (Lair:6)
  A hungry ghost (D:7)
  7 vampire mosquitoes
  4 wargs (Orc:2)
  2 acid dragons (Lair:6)
  3 hell hounds (Spider:1)
  5 porcupines
  7 water moccasins
  10 black bears
  2 eyes of draining
  A meliai simulacrum (D:14)
  4 sky beasts
  A necrophage (D:6)
  38 orc warriors
  3 ice beasts
  5 phantoms
  20 centaurs
  11 ogres
  8 wolves
  6 crocodiles
  A big kobold (D:10)
  13 bullfrogs
  2 gnoll sergeants (D:8)
  3 earth elementals (Spider:2)
  4 scorpions
  12 killer bees (D:9)
  A water moccasin skeleton (D:6)
  18 wights
  9 howler monkeys
  4 electric eels
  9 crimson imps
  4 draconian simulacra (IceCv)
  3 quasits (D:10)
  5 jellies
  10 hounds
  17 orc wizards
  3 bullfrog skeletons
  26 orc priests
  5 iguanas
  11 worker ants
  4 troll simulacra (IceCv)
  A killer bee zombie (D:5)
  A centaur simulacrum (IceCv)
  A hound zombie (D:9)
  3 hound skeletons
  20 gnolls
  19 adders
  A naga simulacrum (IceCv)
  3 shadow imps
  A white imp (D:4)
  An adder zombie (D:8)
  3 worms
  2 dart slugs
  5 leopard geckos
  101 orcs
  9 bats
  6 giant cockroaches
  3 goblins
  21 hobgoblins
  8 jackals
  29 kobolds
  6 quokkas
  7 frilled lizards
  A goblin skeleton (D:4)
  3 goblin zombies (D:4)
  A jackal zombie (D:6)
  A kobold skeleton (D:4)
  4 kobold zombies (D:4)
  2 leopard gecko skeletons
  An orc skeleton (D:4)
  2 orc zombies (D:4)
  A quokka skeleton (D:9)
  7 rats
  A plant (Lair:6)
1008 creatures vanquished.

Vanquished Creatures (collateral kills)
  An orc warlord (Orc:2)
  A two-headed ogre (D:14)
  2 wolf spiders
  2 orb spiders
  A manticore (D:14)
  A centaur zombie (D:14)
  A demonic crawler (Spider:2)
  A water moccasin (D:7)
  2 ogres (D:14)
  A killer bee (D:9)
  A wight (D:8)
  A crimson imp (D:14)
  A hound skeleton (D:8)
  A gnoll (D:2)
  6 orcs
  A bat (D:2)
  A goblin (D:2)
25 creatures vanquished.

Vanquished Creatures (others)
  A centaur warrior (D:14)
  A two-headed ogre (D:14)
  A redback (Spider:2)
  A human (D:15)
  An acid dragon (Lair:6)
  A sky beast (D:9)
  A centaur (D:9)
  A crocodile (Lair:6)
  A bullfrog (Lair:4)
  An earth elemental (Spider:2)
  2 wights
  A centaur skeleton (D:8)
  An orc wizard (D:15)
  An orc (D:11)
  A goblin (D:3)
  A quokka (D:10)
  5 fungi
  20 plants
42 creatures vanquished.

Grand Total: 1075 creatures vanquished

Notes
Turn   | Place    | Note
-------+----------+-------------------------------------------
     0 | D:1      | Maedhros the Octopode Artificer began the quest for the
                  | Orb.
     0 | D:1      | Reached XP level 1. HP: 13/13 MP: 3/3
    85 | D:1      | Reached XP level 2. HP: 17/18 MP: 4/4
   126 | D:2      | Found a stormy altar of Qazlal.
   126 | D:2      | Noticed a black bear
   137 | D:2      | Became a worshipper of Qazlal Stormbringer
   145 | D:2      | Killed a black bear
   145 | D:2      | Reached XP level 3. HP: 13/23 MP: 4/6
   145 | D:2      | Reached XP level 4. HP: 16/28 MP: 4/7
   207 | D:1      | Found a shattered altar of Ashenzari.
   372 | D:1      | Reached XP level 5. HP: 16/33 MP: 8/8
  1103 | D:2      | Found an iron altar of Okawaru.
  1168 | D:2      | Reached * piety under Qazlal
  1168 | D:2      | Reached skill level 5 in Stealth
  1168 | D:2      | Reached skill level 5 in Evocations
  2025 | D:3      | Reached XP level 6. HP: 10/38 MP: 9/9
  3456 | D:3      | Found a sacrificial altar of Ru.
  3696 | D:4      | Reached ** piety under Qazlal
  3720 | D:4      | Found a glowing golden altar of the Shining One.
  4073 | D:5      | Entered Level 5 of the Dungeon
  4079 | D:5      | Reached XP level 7. HP: 41/43 MP: 11/11
  4179 | D:5      | Found an opulent altar of Gozag.
  4253 | D:5      | Reached skill level 1 in Invocations
  4890 | D:6      | Found a hide-covered altar of Uskayaw.
  4904 | D:6      | Reached skill level 5 in Dodging
  4904 | D:6      | Reached XP level 8. HP: 51/51 MP: 12/12
  5103 | D:6      | Found a blossoming altar of Fedhas.
  5178 | D:6      | Found a white marble altar of Elyvilon.
  5181 | D:6      | Found a radiant altar of Vehumet.
  5245 | D:6      | Reached *** piety under Qazlal
  5940 | D:7      | Reached XP level 9. HP: 49/58 MP: 11/13
  6008 | D:7      | Reached skill level 5 in Invocations
  6026 | D:7      | Found a staircase to the Ecumenical Temple.
  6303 | D:7      | Found a shimmering blue altar of Sif Muna.
  6536 | D:8      | Reached skill level 5 in Fighting
  6578 | D:8      | Found a transporter.
  6580 | D:8      | Noticed a moth of wrath
  6605 | D:8      | Found a bloodstained altar of Trog.
  6614 | D:8      | Found a transporter.
  6619 | D:8      | Noticed Anaz's ghost (novice DgAE)
  7108 | D:8      | Reached **** piety under Qazlal
  7150 | D:8      | Noticed Maurice
  7157 | D:8      | Found an ornate altar of the Wu Jian Council.
  7159 | D:8      | Killed Maurice
  7159 | D:8      | Reached XP level 10. HP: 51/68 MP: 15/15
  7197 | D:8      | Learned a level 3 spell: Mephitic Cloud
  7405 | D:8      | Found a burning altar of Makhleb.
  8172 | D:9      | Found a staircase to the Orcish Mines.
  8286 | D:9      | Found a basalt altar of Yredelemnul.
  8505 | D:10     | Entered Level 10 of the Dungeon
  8525 | D:10     | Reached ***** piety under Qazlal
  8641 | D:10     | Reached XP level 11. HP: 62/75 MP: 15/17
  8689 | D:10     | Noticed Psyche
  8698 | D:10     | Killed Psyche
  8961 | D:10     | Killed an unseen horror
 10245 | D:11     | Noticed a white ugly thing
 10251 | D:11     | Killed a white ugly thing
 10253 | D:11     | Reached skill level 1 in Slings
 10253 | D:11     | Reached skill level 10 in Stealth
 10253 | D:11     | Reached skill level 1 in Shields
 10257 | D:11     | Noticed a two-headed ogre
 10268 | D:11     | Killed a two-headed ogre
 10753 | D:11     | Noticed a six-headed hydra
 10761 | D:11     | Found a staircase to the Lair.
 10924 | D:11     | Noticed a cyclops
 10974 | D:11     | Found an ornate altar of the Wu Jian Council.
 11052 | D:11     | Killed a six-headed hydra
 11669 | D:11     | Killed a cyclops
 11669 | D:11     | Reached XP level 12. HP: 77/82 MP: 18/18
 11851 | D:12     | Reached skill level 5 in Slings
 11851 | D:12     | Reached skill level 5 in Shields
 11853 | D:12     | Noticed a six-headed hydra
 12311 | D:12     | Noticed a deep elf knight
 12319 | D:12     | Killed a deep elf knight
 12502 | D:12     | Identified the ring "Jiatisow" {rPois rC+}
 12505 | D:12     | Gained mutation: Your spells are a little harder to cast,
                  | but a little more powerful. [potion of mutation]
 12505 | D:12     | Gained mutation: You possess an exceptional clarity of
                  | mind. [potion of mutation]
 12505 | D:12     | Gained mutation: You occasionally shout uncontrollably at
                  | your foes. [potion of mutation]
 12505 | D:12     | Gained mutation: Your system is resistant to poisons.
                  | (rPois) [potion of mutation]
 12950 | D:12     | Reached skill level 10 in Invocations
 13169 | D:12     | Reached XP level 13. HP: 46/88 MP: 11/20
 13656 | D:12     | Identified the +0 leather armour "Kucaimp" {rPois rN+
                  | rCorr}
 13821 | Orc:1    | Entered Level 1 of the Orcish Mines
 13847 | Orc:1    | Found a roughly hewn altar of Beogh.
 13892 | Orc:2    | Entered Level 2 of the Orcish Mines
 14397 | Orc:2    | Found a staircase to the Elven Halls.
 14828 | Orc:2    | Paralysed by an orc sorcerer for 2 turns
 14844 | Orc:2    | Paralysed by an orc sorcerer for 7 turns
 15136 | Orc:2    | Noticed an orc warlord
 15215 | Orc:2    | Killed an orc warlord
 15753 | Orc:2    | Found Istaoz's Antique Weapon Shop.
 15768 | Orc:2    | Found Ywuor's Armour Boutique.
 15793 | Orc:2    | Found a roughly hewn altar of Beogh.
 15823 | Orc:2    | Reached skill level 10 in Slings
 15823 | Orc:2    | Reached skill level 10 in Shields
 15830 | Orc:2    | Reached XP level 14. HP: 40/94 MP: 10/22
 16154 | Orc:2    | Found Caguz's Weapon Shoppe.
 16158 | Orc:2    | Reached ****** piety under Qazlal
 16506 | Orc:2    | Found a roughly hewn altar of Beogh.
 16914 | Orc:2    | Found Riwnu's Jewellery Boutique.
 16922 | Orc:2    | Bought the ring of Stoicism {Wiz MR++} for 681 gold pieces
 17092 | Lair:1   | Entered Level 1 of the Lair of Beasts
 17177 | Lair:1   | Reached skill level 1 in Poison Magic
 17215 | Lair:1   | Found a frozen archway.
 17253 | Lair:1   | Reached skill level 1 in Conjurations
 17254 | Lair:1   | Reached skill level 1 in Air Magic
 17258 | IceCv    | Entered an ice cave
 21703 | Lair:3   | Found a hole to the Spider Nest.
 22625 | Lair:4   | Found a runed translucent gate.
 22625 | Lair:4   | Found a runed translucent gate.
 22626 | Lair:4   | Found a runed translucent gate.
 22626 | Lair:4   | Noticed Napalmbreeze's ghost (journeyman DsBe)
 22686 | Lair:4   | Reached XP level 15. HP: 24/99 MP: 12/24
 23080 | Lair:4   | Found a staircase to the Shoals.
 23083 | Lair:4   | Identified the Reference Book on the Escort and Evil
 23879 | Lair:5   | Found a staircase to the Slime Pits.
 23880 | Lair:5   | Found a viscous altar of Jiyva.
 23984 | Lair:5   | You fall into a shaft and drop 1 floor!
 23984 | Lair:6   | Entered Level 6 of the Lair of Beasts
 24098 | Lair:6   | Reached skill level 5 in Poison Magic
 24900 | Lair:6   | Found a runed translucent door.
 26154 | Lair:1   | Learned a level 5 spell: Summon Forest
 26251 | D:12     | Reached skill level 1 in Translocations
 26357 | D:12     | Reached skill level 1 in Summonings
 26774 | D:13     | Found a flagged portal.
 26783 | Bailey   | Entered a bailey
 28059 | D:14     | Reached XP level 16. HP: 79/105 MP: 25/25
 28221 | D:14     | Found a gate to the Vaults.
 28708 | D:15     | Entered Level 15 of the Dungeon
 28708 | D:15     | Noticed Kirke
 28714 | D:15     | Killed Kirke
 29570 | D:15     | Reached skill level 5 in Translocations
 29604 | D:14     | Reached skill level 5 in Summonings
 30176 | D:15     | Reached skill level 1 in Polearms
 31157 | D:15     | Found a staircase to the Depths.
 31309 | D:15     | Learned a level 6 spell: Shadow Creatures
 31491 | Spider:1 | Entered Level 1 of the Spider Nest
 31499 | Spider:1 | Noticed Louise
 31732 | Lair:3   | Identified a scroll of acquirement
 31734 | Lair:3   | Identified the ring "Unosmiu" {Fire *Slow +Blink Int+7}
                  | (You acquired it on level 3 of the Lair of Beasts)
 32305 | Spider:1 | Killed Louise
 32815 | Spider:1 | Got a crystal trident
 32816 | Spider:1 | Identified the +6 trident of Maedhros's Anguish {vorpal,
                  | MR+} (You found it on level 1 of the Spider Nest)
 32837 | Spider:1 | Noticed Azrael
 32847 | Spider:1 | Killed Azrael
 32847 | Spider:1 | Reached skill level 5 in Polearms
 33021 | Spider:1 | You fall into a shaft and drop 1 floor!
 33041 | Spider:2 | Noticed Frances
 33063 | Spider:2 | Killed Frances
 33077 | Spider:2 | Reached XP level 17. HP: 39/109 MP: 1/27
 35189 | D:8      | Killed Anaz's ghost
 35428 | Shoals:1 | Entered Level 1 of the Shoals
 35675 | Spider:2 | Noticed Aizul
 35699 | Spider:1 | Killed Aizul
 36043 | Spider:2 | Reached skill level 1 in Spellcasting
 36547 | Spider:2 | Slain by a spark wasp

Levels and vault maps discovered:
D:1:      dpeg_arrival_brainrot, layout_basic, st_stairs_8,
          minmay_misc_feat_ornament, serial_bayou_pond_d, ashenzari_altar_1
D:2:      layout_basic, okawaru_gym_becter, overflow_temple_1_default,
          minmay_split_cup_small
D:3:      layout_basic, nicolae_overflow_crystal_walls, first_ration
D:4:      layout_rooms, nicolae_tso_besieged_by_evil
D:5:      minmay_recursive_quarters, layout_cave_pools,
          overflow_temple_1_default
D:6:      layout_gridville, kennysheep_mini, vehumet_crystals,
          eat_drink_and_be_merry_uskayaw, fedhas_bush_and_centaur_altar,
          minmay_starry_boxes
D:7:      layout_rooms, kennysheep_little_box, minmay_temple_entry_wispy
D:8:      layout_rooms, kennysheep_mini_moat, lemuel_doored_altar,
          gammafunk_ghost_wrathful_warriors, minmay_misc_feat_plants,
          uniq_maurice
D:9:      layout_cave_pools, lemuel_coloured_pillars_altar, david_orc_2,
          david_nohive_1
D:10:     layout_loops_ring, uniq_psyche
D:11:     layout_roguey, erik_lair_island, basic_altar
D:12:     minmay_elf_outpost, layout_small_grid, evilmike_butchery
D:13:     layout_rooms, enter_bailey_1, minmay_misc_feat_columns,
          hangedman_abyss_or_decor_passed
D:14:     layout_loops_cross, david_vaults_2, minmay_tree_intersection
D:15:     hangedman_depths_entry_civil_slaughter, layout_long_grid,
          chequers_serial_rivers_room_b, uniq_kirke
Lair:1:   layout_small_grid, portal_ice_cave_rime
Lair:2:   beast_lair_carwin_large_3, layout_hall_layers
Lair:3:   layout_regular_city, nicolae_spider_entry_non_spiders
Lair:4:   minmay_lair_venomous_thicket, layout_gridlike,
          minmay_shoals_entry_lonely_mermaid, gammafunk_ghost_hydra_chop,
          serial_bayou_shore_a
Lair:5:   layout_hall_layers, slime_altar_1
Lair:6:   wormcave, layout_hall_layers, guppyfry_lair_end_dragon
Shoals:1: layout_shoals, serial_shops, nicolae_shop_trees,
          dpeg_stationary_puzzle, uniq_nikola
Spider:1: layout_spider_delve, uniq_louise, uniq_azrael
Spider:2: layout_spider_delve, hangedman_stitches_earthworm, uniq_frances,
          uniq_aizul
Spider:3: layout_chambers, uniq_mara
Orc:1:    layout_diamond_mine, basic_altar, bh_open_orc_temple
Orc:2:    pubby_orc_utopia

Skill      XL: |  1  2  3  4  5  6  7  8  9 10 11 12 13 14 15 16 17 |
---------------+----------------------------------------------------+-----
Stealth        | 2 4 5 6 7 8 9 10 12 | 12.4
Evocations     | 4 5 6 7 8 |  8.3
Dodging        | 3 4 5 6 7 8 9 |  9.0
Invocations    | 2 4 6 8 9 10 11 12 13 14 | 14.1
Fighting       | 2 4 6 7 8 |  8.0
Slings         | 4 7 10 11 12 | 12.0
Shields        | 4 7 10 11 12 13 14 | 14.0
Poison Magic   | 4 5 |  5.6
Conjurations   | 3 4 |  4.6
Air Magic      | 3 4 |  4.5
Translocations | 3 5 |  5.5
Summonings     | 3 6 7 |  7.5
Polearms       | 5 7 |  7.7
Spellcasting   | 1 |  1.4
Short Blades   | |  1.0

Action                   |  1- 3 |  4- 6 |  7- 9 | 10-12 | 13-15 | 16-18 || total
-------------------------+-------+-------+-------+-------+-------+-------++-------
Melee: Short sword       |    13 |   206 |   215 |   370 |    60 |       ||   864
       Constrict         |     5 |    61 |    47 |    62 |   145 |   101 ||   421
       Tentacles         |     3 |    39 |    54 |   100 |   291 |   151 ||   638
       Dagger            |       |       |       |    26 |       |       ||    26
       Trident           |       |       |       |       |  1140 |   499 ||  1639
       Demon trident     |       |       |       |       |       |   205 ||   205
 Fire: Hunting sling     |       |       |       |   126 |   424 |   118 ||   668
Invok: Upheaval          |       |       |       |     1 |    10 |     8 ||    19
       Disaster Area     |       |       |       |     2 |       |     2 ||     4
       Elemental Force   |       |       |       |       |     1 |     4 ||     5
 Abil: Evoke Blink       |       |       |       |       |       |     1 ||     1
Evoke: Wand              |     4 |     6 |    55 |    58 |    18 |    11 ||   152
       Lightning rod     |       |       |       |    10 |    13 |    12 ||    35
  Use: Potion            |       |     1 |       |    10 |     4 |    12 ||    27
       Scroll            |       |       |     4 |    15 |    14 |     8 ||    41
 Stab: Sleeping          |     2 |     7 |       |       |       |       ||     9
       Distracted        |       |     1 |       |       |       |     1 ||     2
       Betrayed ally     |       |       |     1 |       |       |       ||     1
       Paralysed         |       |       |     4 |       |       |       ||     4
       Invisible         |       |       |       |     1 |       |       ||     1
       Petrified         |       |       |       |       |     7 |       ||     7
       Confused          |       |       |       |       |       |     1 ||     1
  Eat: Chunk             |       |     9 |    12 |    12 |    27 |    14 ||    74
       Ration            |       |       |       |     2 |     7 |     4 ||    13
Armor: Skin              |       |    15 |     6 |    90 |    77 |    61 ||   249
Dodge: Dodged            |     9 |   132 |   217 |   403 |   658 |   420 ||  1839
       Deflected         |       |       |     1 |    19 |    14 |    12 ||    46
Block: Other             |       |    12 |    35 |   102 |       |       ||   149
       Tower shield      |       |       |       |   299 |  1781 |   981 ||  3061
       Kite shield       |       |       |       |       |       |   129 ||   129

Table legend:
 A = Non-vault XP
 B = Vault XP
 C = Vault XP percentage of total XP
 D = Non-vault monster count
 E = Vault monster count
 F = Vault count percentage of total count
                 A         B        C        D         E       F
            +---------+---------+-------+---------+---------+-------
      Total |  132236 |   81279 |  38.1 |     648 |     392 |  37.7
            +---------+---------+-------+---------+---------+-------
        D:1 |      42 |       6 |  12.5 |      23 |       2 |   8.0
        D:2 |     238 |      17 |   6.7 |      29 |       3 |   9.4
        D:3 |     202 |       0 |   0.0 |      30 |       0 |   0.0
        D:4 |      80 |      22 |  21.6 |       4 |      13 |  76.5
        D:5 |     270 |     311 |  53.5 |       5 |       6 |  54.5
        D:6 |     739 |     193 |  20.7 |      20 |       2 |   9.1
        D:7 |    1002 |       0 |   0.0 |      18 |       0 |   0.0
        D:8 |    1489 |    2022 |  57.6 |      26 |       7 |  21.2
        D:9 |    2620 |     926 |  26.1 |      30 |      20 |  40.0
       D:10 |    2451 |     448 |  15.5 |      29 |       1 |   3.3
       D:11 |    6272 |     836 |  11.8 |      34 |       7 |  17.1
       D:12 |   12337 |   12065 |  49.4 |      57 |      20 |  26.0
       D:13 |    4467 |       0 |   0.0 |      18 |       0 |   0.0
       D:14 |   10592 |    5506 |  34.2 |      38 |       6 |  13.6
       D:15 |   13136 |    5283 |  28.7 |      43 |       8 |  15.7
     Lair:1 |    5022 |    1141 |  18.5 |      26 |       4 |  13.3
     Lair:2 |    6035 |    1638 |  21.3 |      23 |       9 |  28.1
     Lair:3 |    9078 |     509 |   5.3 |      32 |       8 |  20.0
     Lair:4 |    5347 |    1869 |  25.9 |      17 |      16 |  48.5
     Lair:5 |    6517 |       0 |   0.0 |      17 |       0 |   0.0
     Lair:6 |    4254 |   11060 |  72.2 |      14 |      33 |  70.2
   Shoals:1 |    1218 |       0 |   0.0 |       2 |       0 |   0.0
   Spider:1 |   11536 |    5612 |  32.7 |      38 |      11 |  22.4
   Spider:2 |   26413 |    4762 |  15.3 |      73 |      12 |  14.1
   Spider:3 |     588 |       0 |   0.0 |       1 |       0 |   0.0
      Orc:1 |     291 |     140 |  32.5 |       1 |       7 |  87.5
      Orc:2 |       0 |   21095 | 100.0 |       0 |     140 | 100.0
     Bailey |       0 |     357 | 100.0 |       0 |      34 | 100.0
      IceCv |       0 |    5461 | 100.0 |       0 |      23 | 100.0
            +---------+---------+-------+---------+---------+-------
